 Dungeon Crawl Stone Soup version 0.27-a0-1256-gced786f65e (webtiles) character file.

Game seed: 5187575220955128657

10 freelancePsychic the Twirler (level 2, 0/22 HPs)
             Began as a Demonspawn Wanderer on June 11, 2021.
             Slain by a kobold
             ... wielding a +0 whip
              (4 damage)
             ... on level 1 of the Dungeon.
             The game lasted 00:00:35 (326 turns).

freelancePsychic the Twirler (Demonspawn Wanderer)   Turns: 326, Time: 00:00:36

Health: 0/22       AC:  2    Str: 12    XL:     2   Next: 10%
Magic:  2/2        EV: 11    Int: 15    God:
Gold:   13         SH:  0    Dex: 10    Spells: 1/1 levels left

rFire    . . .     SeeInvis .   a - +2 quarterstaff
rCold    . . .     Faith    .   (shield currently unavailable)
rNeg     . . .     Spirit   .   c - +0 robe
rPois    .         Reflect  .   (helmet restricted)
rElec    .         Harm     .   (no cloak)
rCorr    .         Rampage  .   (no gloves)
Will     .....                  (no boots)
Stlth    ++........             (no amulet)
HPRegen  0.07/turn              (no ring)
MPRegen  0.08/turn              (no ring)

@: no status effects
A: antennae 1
a: no special abilities


You were on level 1 of the Dungeon.
You visited 1 branch of the dungeon, and saw 1 of its levels.

You collected 13 gold pieces.

Inventory:

Hand Weapons
 a - a +2 quarterstaff (weapon)
 d - a +0 dagger
Armour
 c - a +0 robe (worn)
Jewellery
 e - a ring of ice
Potions
 b - 2 potions of lignification
 g - a potion of resistance {unknown}


   Skills:
 + Level 2.1 Fighting
 + Level 1.1(2.1) Polearms
 + Level 2.8(3.0) Staves
 - Level 1.1 Throwing
 + Level 2.0 Stealth
 + Level 1.1 Shields


You had one spell level left.
You didn't know any spells.
Your spell library was empty.

Dungeon Overview and Level Annotations

Branches:
Dungeon (1/15)

Altars:


Innate Abilities, Weirdness & Mutations

You have a pair of small antennae on your head.


Message History

A kobold comes into view. It is wielding a +0 club.
The kobold shouts!
You hear a bark! x2
A kobold is nearby!
No target in view!
No target in view!
No target in view!
A jackal comes into view. 2 jackals and a kobold come into view.
The jackal barks!
The kobold shouts!
You hear a shout! x2
You completely miss the jackal. The jackal bites you.
The kobold barely misses you.
The jackal bites you but does no damage.
The jackal bites you.
You thump the jackal!
You kill the jackal!
The jackal closely misses you. The kobold completely misses you.
The jackal barely misses you.
Your Stealth skill increases to level 2!
You sock the jackal!
You kill the jackal!
The jackal closely misses you. The kobold misses you. The jackal bites you.
You have reached level 2!
Your demonic ancestry asserts itself...
A pair of antennae grows on your head!
The jackal bites you but does no damage.
The kobold barely misses you. The jackal barely misses you.
The jackal barely misses you. The jackal bites you. The jackal bites you.
You completely miss the jackal. The jackal barely misses you.
You barely miss the jackal. The jackal closely misses you. x2
You closely miss the jackal.
The jackal bites you but does no damage.
You thump the jackal!
You kill the jackal!
The kobold hits you with a +0 whip.
You closely miss the kobold. The kobold hits you with a +0 whip.
* * * LOW HITPOINT WARNING * * *
You hit the kobold but do no damage. The kobold hits you with a +0 whip.
You die...

..'8.8'........#
####'########### #.#
###### ##### ####.##
#....# ......
..##..####....# ........
..............####.......#
.♣♣♣♣♣♣.....####.........
.♣ ♣♣....# #........ # .♣
♣♣....# #@#.#... .# .♣♣
♣..÷..# #K#..#....#
..♣♣♣♣♣)....# ##K....#..#
......÷..#.## #..###....#
####.....#.# #.........#
#######.# #.#.......# #.#
#...####### #.# ###.# #.#
#.#


You could see 2 kobolds.

Vanquished Creatures
  A ball python (D:1)
  A hobgoblin (D:1)
  3 jackals (D:1)
  2 frilled lizards (D:1)
  A kobold (D:1)
  2 rats (D:1)
10 creatures vanquished.

Notes
Turn   | Place    | Note
-------+----------+-------------------------------------------
     0 | D:1      | freelancePsychic the Demonspawn Wanderer began the quest
                  | for the Orb.
     0 | D:1      | freelancePsychic set off with the following items: a +2
                  | quarterstaff, 2 potions of lignification, a +0 robe, a +0
                  | dagger
     0 | D:1      | Reached XP level 1. HP: 16/16 MP: 1/1
   313 | D:1      | Gained mutation: You have a pair of small antennae on your
                  | head. [demonic ancestry]
   313 | D:1      | Reached XP level 2. HP: 16/22 MP: 2/2
   326 | D:1      | Slain by a kobold

Illustrated notes

Levels and vault maps discovered:
D:1:      giann_wishing_wells, layout_basic, minmay_misc_feat_square,
          nrook_campfire

Skill      XL: |  1 |
---------------+----+-----
Stealth        | 2 |  2.0
Fighting       | |  2.1
Polearms       | |  1.1
Staves         | |  2.8
Throwing       | |  1.1
Shields        | |  1.1

Action                   || total
-------------------------++-------
Melee: Quarterstaff      ||    22
  Use: Scroll            ||     1
 Stab: Sleeping          ||     1
Armor: Robe              ||     5
Dodge: Dodged            ||    19

Table legend: (Time is in decaauts)
 A = Elapsed time spent in this place.
 B = Non-inter-level travel time spent in this place.
 C = Inter-level travel time spent in this place.
 D = Time resting spent in this place.
 E = Time spent auto-exploring this place.
 F = Levels seen in this place.
 G = Mean time per level.
                   A        B        C        D        E       F      G
               +--------+--------+--------+--------+--------+-----+--------+
         Total |    329 |    329 |      0 |      0 |    265 |   1 |  329.0 |
       Dungeon |    329 |    329 |      0 |      0 |    265 |   1 |  329.0 |
               +--------+--------+--------+--------+--------+-----+--------+

Top non-repeatable levels by time:
     D:1: 329 daAuts
